 Dungeon Crawl Stone Soup version bcrawl-1.18.1 (webtiles) character file.

Game seed: 7808609194717378927

107 MisterOstroum the Poker (level 4, -9/29 HPs)
             Began as a Skeleton Reaver on Nov 11, 2019.
             Was a Follower of Vehumet.
             Shot with an arrow by a centaur (10 damage)
             ... on level 3 of the Dungeon.
             The game lasted 00:09:10 (1565 turns).

MisterOstroum the Poker (Skeleton Reaver)           Turns: 1565, Time: 00:09:11

Health: -9/29      AC:  5    Str: 18    XL:     4   Next: 57%
Magic:  0/8        EV: 12    Int: 13    God:    Vehumet [*.....]
Gold:   227        SH:  0    Dex:  7    Spells: 8/9 levels left

rFire    . . .     SeeInvis .   a - +0 trident
rCold    + . .     Gourm    .   (no shield)
rNeg     + + +     Faith    .   b - +0 steam dragon scales
rPois    ∞         Spirit   +   (no helmet)
rElec    .         Reflect  .   (no cloak)
rCorr    +         Harm     .   (no gloves)
MR       .....                  (no boots)
Stlth    +.........             (no amulet)
HPRegen  0.09/turn              f - ring of resist corrosion
MPRegen  0.11/turn              (no ring)

@: no status effects
A: no food or potions, cold resistance 1, deterioration 1, negative energy
resistance 3, torment resistance, unbreathing, magic shield, sturdy frame 1,
spell healing
a: Renounce Religion


You were on level 3 of the Dungeon.
You worshipped Vehumet.
Vehumet was aware of your devotion.
You were not hungry.

You visited 1 branch of the dungeon, and saw 3 of its levels.

You collected 227 gold pieces.

Inventory:

Hand Weapons
 a - a +0 trident (weapon)
 h - a +0 shortbow
 i - a +0 hunting sling
Missiles
 g - 110 stones (quivered)
 j - 87 tomahawks
Armour
 b - +0 steam dragon scales (worn)
Jewellery
 f - a ring of resist corrosion (left hand)
Scrolls
 c - a scroll of immolation
 d - a scroll of fear {unknown}
 e - 2 scrolls of magic mapping


   Skills:
 + Level 3.9 Fighting
 * Level 4.9 Polearms
 + Level 3.5 Dodging
 - Level 3.1 Spellcasting
 + Level 0.8 Earth Magic


You had 8 spell levels left.
You knew the following spells:

 Your Spells              Type           Power        Failure   Level  Hunger
a - Sandblast             Erth           #.....       4%          1    N/A

Your spell library contained the following spells:

 Spells                   Type           Power        Failure   Level  Hunger
 Iskenderun's Battlesphe  Conj/Chrm      #.......     80%         5    N/A

Dungeon Overview and Level Annotations

Branches:
Dungeon (3/12)

Altars:


Innate Abilities, Weirdness & Mutations

You do not eat or drink.
You are immune to poison.
Your flesh is cold resistant. (rC+)
Your body sometimes deteriorates upon taking damage.
You are immune to negative energy. (rN+++)
You are immune to unholy pain and torment.
You can survive without breathing.
When hurt, damage is shared between your health and your magic reserves.
Your movements are slightly less encumbered by armour. (ER -2)
Casting spells heals you.


Message History

Aim: an orc, wearing a +0 ring mail The blast of sand hits the orc.
g - 130 stones A worm comes into view.
You barely miss the orc.
A quokka comes into view.
The orc closely misses you.
You hit the orc.
The orc is almost dead.
An orc comes into view.
The orc hits you but does no damage.
The orc shouts!
You hit the orc.
You kill the orc!
Vehumet accepts your kill.
You hear a shout! x2
An orc comes into view. It is wielding a +0 hand axe.
The orc throws a javelin.
The javelin hits you!
Attack whom?
Press: ? - help, Dir - move target cursor, f - orc
Aim: an orc You reach to attack!
You closely miss the orc.
The orc throws a javelin.
The javelin misses you.
Attack whom?
Press: ? - help, Dir - move target cursor, f/p - orc
Aim: an orc You reach to attack!
You barely miss the orc.
The orc throws a javelin.
The javelin hits you.
Casting: Sandblast (safe; 4% risk of failure)
Confirm with . or Enter, or press ? or * to list all spells.
Aiming: Sandblast (safe; 4% risk of failure)
Press: ? - help, Shift-Dir - straight line, f/p - orc
Aim: an orc The blast of sand hits the orc.
You kill the orc!
Vehumet accepts your kill.
g - 120 stones
Casting: Sandblast (safe; 4% risk of failure)
Confirm with . or Enter, or press ? or * to list all spells.
Aiming: Sandblast (safe; 4% risk of failure)
Press: ? - help, Shift-Dir - straight line, f - orc
Aim: an orc, wearing a +0 leather armour The blast of sand misses the orc.
g - 110 stones The quokka closely misses you.
You hit the orc.
The orc is heavily wounded.
The orc completely misses you. The orc hits you but does no damage.
You barely miss the orc.
The orc is heavily wounded.
An orc priest comes into view. It is wielding a +0 falchion.
The orc misses you.
The orc priest shouts!
You puncture the orc!
You kill the orc!
Vehumet accepts your kill. The quokka closely misses you.
The quokka bites you but does no damage.
There is a stone staircase leading up here.
You closely miss the quokka. The quokka barely misses you.
The quokka closely misses you.
You hit the quokka but do no damage.
An orc comes into view. It is wielding a +0 whip.
The quokka misses you.
You closely miss the quokka.
The orc shouts!
The quokka barely misses you.
You hit the quokka.
The quokka is severely wounded.
The quokka misses you.
The quokka bites you but does no damage.
You hit the quokka.
The quokka is almost dead.
The quokka closely misses you.
You closely miss the quokka.
The quokka is almost dead.
The quokka completely misses you. The orc barely misses you.
The quokka bites you.
As you climb the stairs, a rune flashes!
You stop ascending the stairs.
Your surroundings suddenly seem different.
Found 21 gold pieces.
Found a stone staircase leading up.
You now have 227 gold pieces (gained 21).
You start resting.
A centaur comes into view.
Evoke which item? (* to show all) (? for menu, Esc to quit)
Okay, then.
As you read the scroll labeled TARHES KIHE, it crumbles to dust.
You feel aware of your surroundings.
You sensed 1 altar.
It was a scroll of magic mapping.
The centaur shouts!
The centaur wields a +0 shortbow.
The centaur shoots an arrow.
The arrow hits you.
The centaur shoots an arrow.
The arrow closely misses you.
The centaur shoots an arrow.
The arrow hits you!
The centaur shoots an arrow.
The arrow barely misses you.
The centaur shoots an arrow.
The arrow hits you!
* * * LOW HITPOINT WARNING * * *
The centaur shoots an arrow.
The arrow hits you!
You die...

*****
*,..#################
***
*,#....c.@..........#
*,,
*,.<###############.#
*,* **,** *******
**,** *,, *,*
*,,,,,***,,,***,* *,*
*,***,,,,,*,,,,,+ *,*
*,* *****,,,***,+ *,*
*,* **,** *,*
**,*******,**
*,****,,
*,,,,,,,,,,,*
*,,,,,,*


You could see a centaur.

Vanquished Creatures
  An orc priest (D:3)
  An adder (D:2)
  3 worms
  A dart slug (D:2)
  A leopard gecko (D:1)
  14 orcs
  3 giant cockroaches (D:2)
  6 hobgoblins
  4 jackals
  A ball python (D:2)
  3 bats
  3 kobolds
  2 rats (D:2)
43 creatures vanquished.

Notes
Turn   | Place    | Note
-------+----------+-------------------------------------------
     0 | D:1      | MisterOstroum the Skeleton Reaver began the quest for the
                  | Orb.
     0 | D:1      | Reached XP level 1. HP: 14/14 MP: 4/4
   446 | D:1      | Reached XP level 2. HP: 14/19 MP: 6/6
   548 | D:1      | Reached skill level 4 in Polearms
   782 | D:2      | Reached XP level 3. HP: 19/23 MP: 5/7
  1090 | D:2      | Reached * piety under Vehumet
  1090 | D:2      | Offered knowledge of Sandblast by Vehumet.
  1093 | D:2      | Learned a level 1 spell: Sandblast
  1364 | D:2      | Reached XP level 4. HP: 29/29 MP: 4/8
  1560 | D:3      | Noticed a centaur
  1564 | D:3      | HP: 1/29 [centaur/arrow (9)]
  1565 | D:3      | Shot with an arrow by a centaur

Skill      XL: |  1  2 |
---------------+-------+-----
Polearms       | 4 |  4.9
Fighting       | |  3.9
Dodging        | |  3.5
Spellcasting   | |  3.1
Earth Magic    | |  0.8

Action                   |  1- 3 |  4- 6 || total
-------------------------+-------+-------++-------
Melee: Trident           |   148 |    34 ||   182
Throw: Stone             |    51 |     4 ||    55
 Cast: Sandblast         |    10 |     5 ||    15
  Use: Scroll            |       |     1 ||     1
Armor: Steam dragon scal |    43 |     5 ||    48
Dodge: Dodged            |    97 |    19 ||   116
